 Dungeon Crawl Stone Soup version 0.29-a0-284-gf9362112df (webtiles) character file.

Game seed: 303441995761906825

28 gzilladon the Chopper (level 3, -7/33 HPs)
             Began as a Hill Orc Monk on Mar 25, 2022.
             Engulfed by a cloud of flame (17 damage)
             ... on level 1 of the Dungeon.
             The game lasted 00:03:44 (1057 turns).

gzilladon the Chopper (Hill Orc Monk)               Turns: 1057, Time: 00:03:45

Health: -7/33      AC:  2    Str: 15    XL:     3   Next: 14%
Magic:  3/3        EV: 12    Int: 10    God:
Gold:   42         SH:  0    Dex: 13    Spells: 2/2 levels left

rFire   . . .      SeeInvis .   a - +0 hand axe
rCold   . . .      Faith    .   (no shield)
rNeg    . . .      Spirit   .   b - +0 robe
rPois   .          Reflect  .   (no helmet)
rElec   .          Harm     .   (no cloak)
rCorr   .          Rampage  .   (no gloves)
Will    .....                   (no boots)
Stlth   ++........              (no amulet)
HPRegen 0.11/turn               (no ring)
MPRegen 0.08/turn               (no ring)

@: no status effects
A: no striking features
a: no special abilities


You were on level 1 of the Dungeon.
You visited 1 branch of the dungeon, and saw 1 of its levels.

You collected 42 gold pieces.

Inventory:

Hand Weapons
 a - a +0 hand axe (weapon)
Missiles
 d - 6 poisoned darts (quivered)
Armour
 b - a +0 robe (worn)
Scrolls
 f - a scroll of identify {unknown}
 i - a scroll of teleportation {unknown}
Potions
 c - a potion of ambrosia
 e - 2 potions of curing {unknown}
 g - a potion of heal wounds {unknown}
 h - a potion of cancellation {unknown}


   Skills:
 + Level 4.0 Fighting
 * Level 5.0 Axes
 + Level 2.6 Dodging
 - Level 1.5 Stealth


You had 2 spell levels left.
You didn't know any spells.
Your spell library was empty.

Dungeon Overview and Level Annotations

Branches:
Dungeon (1/15)

Altars:


Message History

You kill the frilled lizard!
You now have 42 gold pieces (gained 12).
You see here a rat corpse.
There is an open door here.
Found 8 gold pieces.
Found 21 gold pieces and a scroll labelled ILURAM XAOMICY.
A goblin comes into view. It is wielding a +0 dagger.
The goblin shouts!
You hear a bark!
The goblin moves out of view.
You hear an angry hiss.
You barely miss the goblin. The goblin closely misses you.
You hit the goblin but do no damage. The goblin closely misses you.
You barely miss the goblin. The goblin hits you with a +0 dagger.
You slash the goblin!
You kill the goblin! 2 jackals come into view.
The jackal barks!
You hear a shout!
Things that are here:
a +0 dagger; a goblin corpse The jackal barks!
A jackal comes into view.
Things that are here:
a +0 dagger; a goblin corpse
Things that are here:
a +0 dagger; a goblin corpse A hobgoblin comes into view.
Really walk into a travel-excluded area?
A rat comes into view.
Found 16 gold pieces.
The jackal is engulfed in blazing flames.
The jackal dies!
The rat is engulfed in blazing flames.
The rat dies!
The jackal is engulfed in blazing flames.
The jackal dies!
You are engulfed in blazing flames.
Ouch! That really hurt!
You are engulfed in blazing flames.
Ouch! That really hurt!
You die...

#############........#
..............#####...#
........####### #§☼§#
........# #§○§#
........# #.§☼#
........# ######...##
..####### ##.☼○☼.$....
..# #..○○§.$.?.. ..#
#..§@§g..$.§
..###########)#####...##
..............# ☼#
..############# ### ###
.. #... +....


You could see a hobgoblin.

Vanquished Creatures
  2 dart slugs (D:1)
  3 endoplasms (D:1)
  3 hobgoblins (D:1)
  3 jackals (D:1)
  A ball python (D:1)
  2 bats (D:1)
  3 frilled lizards (D:1)
  2 goblins (D:1)
  3 kobolds (D:1)
  2 rats (D:1)
24 creatures vanquished.

Vanquished Creatures (others)
  2 jackals (D:1)
  A rat (D:1)
3 creatures vanquished.

Grand Total: 27 creatures vanquished

Notes
Turn   | Place    | Note
-------+----------+-------------------------------------------
     0 | D:1      | gzilladon the Hill Orc Monk began the quest for the Orb.
     0 | D:1      | Reached XP level 1. HP: 19/19 MP: 1/1
   114 | D:1      | Reached XP level 2. HP: 24/27 MP: 2/2
   843 | D:1      | Reached XP level 3. HP: 29/33 MP: 3/3
   879 | D:1      | Reached skill level 5 in Axes
  1057 | D:1      | Engulfed by a cloud of flame

Illustrated notes

Levels and vault maps discovered:
D:1:      heliophobic_arrival_glass_houses, layout_basic, st_stairs_11,
          lemuel_flame_loot_1

Skill      XL: |  1  2  3 |
---------------+----------+-----
Fighting       | 4 |  4.0
Axes           | 5 |  5.0
Dodging        | |  2.6
Stealth        | |  1.5

Action                   || total
-------------------------++-------
Melee: Hand axe          ||    72
       Punch             ||     1
 Stab: Sleeping          ||     1
Armor: Robe              ||    10
Dodge: Dodged            ||    52

Table legend: (Time is in decaauts)
 A = Elapsed time spent in this place.
 B = Non-inter-level travel time spent in this place.
 C = Inter-level travel time spent in this place.
 D = Time resting spent in this place.
 E = Time spent auto-exploring this place.
 F = Levels seen in this place.
 G = Mean time per level.
                   A        B        C        D        E       F      G
               +--------+--------+--------+--------+--------+-----+--------+
         Total |   1061 |   1035 |     26 |    393 |      0 |   1 | 1061.0 |
       Dungeon |   1061 |   1035 |     26 |    393 |      0 |   1 | 1061.0 |
               +--------+--------+--------+--------+--------+-----+--------+

Top non-repeatable levels by time:
     D:1: 1061 daAuts
